 Dungeon Crawl Stone Soup version 0.29.1-15-g9cfb28693d (webtiles) character file.

Game seed: 4442258275228608775

137 zeram the Covert (level 5, -7/25 HPs)
             Began as a Spriggan Brigand on Apr 10, 2023.
             Was an Initiate of Gozag.
             Constricted to death by Ijyb (8 damage)
             ... on level 4 of the Dungeon.
             The game lasted 00:04:56 (3298 turns).

zeram the Covert (Spriggan Brigand)                 Turns: 3298, Time: 00:04:56

Health: -7/25      AC:  3    Str:  7    XL:     5   Next: 0%
Magic:  6/6        EV: 15    Int: 15    God:    Gozag
Gold:   55         SH:  0    Dex: 22    Spells: 4/4 levels left

rFire   . . .      SeeInvis +   a - +4 dagger
rCold   . . .      Faith    .   (no shield)
rNeg    + . .      Spirit   .   b - +0 robe
rPois   .          Reflect  .   (helmet restricted)
rElec   .          Harm     .   c - +0 cloak
rCorr   .          Rampage  .   (gloves unavailable)
Will    .....                   (boots unavailable)
Stlth   ++++......              (no amulet)
HPRegen 0.08/turn               q - ring of positive energy
MPRegen 0.10/turn               r - +6 ring of dexterity

@: grasped by roots, constricted, very quick
A: very small, no large weapons, unfitting armour, see invisible, speed 3
a: Renounce Religion, Potion Petition, Call Merchant, Bribe Branch


You were on level 4 of the Dungeon.
You worshipped Gozag.
Gozag was noncommittal.
You visited 1 branch of the dungeon, and saw 4 of its levels.

You collected 97 gold pieces.
You paid 42 gold pieces to Gozag.

Inventory:

Hand Weapons
 a - a +4 dagger (weapon)
Missiles
 d - 9 poisoned darts
 e - 3 curare-tipped darts (quivered)
 l - a throwing net
Armour
 b - a +0 robe (worn)
 c - a +0 cloak (worn)
Jewellery
 q - a ring of positive energy (left hand)
 r - a +6 ring of dexterity (right hand)
 x - a ring of protection from fire
Scrolls
 g - a scroll of fog
 h - 2 scrolls of identify
 i - 3 scrolls of teleportation {unknown}
 m - a scroll of amnesia {unknown}
 p - a scroll of blinking {unknown}
 s - a scroll of silence {unknown}
 t - 2 scrolls of immolation {unknown}
 v - 2 scrolls of fear {unknown}
Potions
 f - a potion of degeneration {unknown}
 j - a potion of heal wounds
 k - 2 potions of mutation {unknown}
 o - a potion of attraction {unknown}
 u - a potion of curing {unknown}
 w - a potion of might {unknown}


   Skills:
 - Level 1.5 Fighting
 + Level 3.0 Short Blades
 - Level 2.0 Throwing
 + Level 2.5 Dodging
 + Level 8.8 Stealth


You had 4 spell levels left.
You didn't know any spells.
Your spell library contained the following spells:

 Spells                   Type           Power      Damage    Failure   Level
 Slow                     Hex            0%         N/A       26%         1
 Confusing Touch          Hex            0%         N/A       63%         3
 Vampiric Draining        Necr           0%         2d6       63%         3


Dungeon Overview and Level Annotations

Branches:
Dungeon (4/15)
 Temple: D:4-7

Altars:
Gozag
Qazlal

Annotations:
D:4 Ijyb


Innate Abilities, Weirdness & Mutations

You are very small and have problems with some larger weapons.
You are too small for most types of armour.
You have supernaturally acute eyesight. (SInv)
You cover ground extremely quickly. (Speed+++)


Message History

There is an opulent altar of Gozag here.
You kneel at the altar of Gozag.
Gozag welcomes you!
You pay a service fee of 42 gold.
Unknown command.
Press < or > to pray at altars.
(D) Dungeon
Where to? (Enter - D:4, ? - help)
There is a stone staircase leading down here.
You climb downwards.
Level annotation: Ijyb
There is a stone staircase leading up here.
Ijyb is nearby!
You aren't carrying any items that you can evoke.
You hit Ijyb.
Ijyb is lightly wounded.
Ijyb zaps a wand.
The roots erupt in riotous growth!
The grasping roots grab you!
Ijyb is unaffected.
The grasping roots constrict you.
Unknown command.
You barely miss Ijyb.
Ijyb is lightly wounded.
Ijyb closely misses you. The grasping roots constrict you.
Unknown command.
You hit Ijyb.
Ijyb is moderately wounded.
Ijyb barely misses you. The grasping roots constrict you.
Unknown command.
You hit Ijyb.
Ijyb is heavily wounded.
Ijyb misses you. The grasping roots constrict you!
* * * LOW HITPOINT WARNING * * *
Unknown command.
You closely miss Ijyb.
Ijyb is heavily wounded.
Ijyb hits you with a +0 dagger.
* * * LOW HITPOINT WARNING * * *
The grasping roots constrict you!
You die...
Your body crumbles into a pile of gold.

##################
#......#..†......#
#......'.........#
#......#.........#
#......#.........#
#......##+####...#
######.[....##...##...#
#....#...........#....#
+......!.......g@'....#
#................#<...#
#....##.....##...##...#
###+# #.....###########
##.....# #......#
+......# #......#
##.....#


You could see Ijyb.

Vanquished Creatures
  7 gnolls
  3 adders
  A dart slug (D:4)
  5 ball pythons
  3 bats
  3 endoplasms
  5 giant cockroaches
  5 goblins
  2 hobgoblins (D:3)
  3 quokkas
  2 frilled lizards (D:1)
  3 kobolds
  2 rats
44 creatures vanquished.

Vanquished Creatures (others)
  A fungus (D:1)
1 creature vanquished.

Grand Total: 45 creatures vanquished

Notes
Turn   | Place    | Note
-------+----------+-------------------------------------------
     0 | D:1      | zeram the Spriggan Brigand began the quest for the Orb.
     0 | D:1      | Reached XP level 1. HP: 10/10 MP: 2/2
    34 | D:1      | Found a faded altar of an unknown god.
    45 | D:1      | Reached skill level 6 in Stealth
   181 | D:1      | Reached XP level 2. HP: 9/14 MP: 3/3
   742 | D:2      | Reached skill level 7 in Stealth
  1536 | D:3      | Reached XP level 3. HP: 13/18 MP: 4/4
  1636 | D:3      | Found a stormy altar of Qazlal.
  1642 | D:3      | Found an opulent altar of Gozag.
  2404 | D:3      | Reached skill level 8 in Stealth
  2501 | D:3      | Reached XP level 4. HP: 22/22 MP: 5/5
  3075 | D:4      | Reached XP level 5. HP: 25/25 MP: 6/6
  3085 | D:4      | Noticed Ijyb
  3274 | D:3      | Became a worshipper of Gozag Ym Sagoz the Greedy
  3298 | D:4      | HP: 1/25 [Ijyb/+0 dagger (3)]
  3298 | D:4      | Constricted to death by Ijyb

Illustrated notes

Levels and vault maps discovered:
D:1:      tarquinn_simple_flora_water_a, layout_rooms,
          dreamdust_ecumenical_altar_grove, minmay_misc_feat_room
D:2:      layout_basic
D:3:      kennysheep_six_static_rooms, layout_basic,
          mainiacjoe_overflow_catwalk, nicolae_qazlal_scattered_showers
D:4:      layout_gridville, gammafunk_ghost_gnarly_gnolls, uniq_grinder,
          uniq_ijyb

Skill      XL: |  1  2  3  4 |
---------------+-------------+-----
Stealth        | 6 7 8 |  8.8
Dodging        | 2 |  2.5
Short Blades   | 3 |  3.0
Fighting       | |  1.5
Throwing       | |  2.0

Action                   |  1- 3 |  4- 6 || total
-------------------------+-------+-------++-------
Melee: Dagger            |    78 |    16 ||    94
Throw: Dart              |    11 |    15 ||    26
       Throwing net      |       |     2 ||     2
  Use: Scroll            |     4 |     1 ||     5
       Potion            |     1 |       ||     1
 Stab: Sleeping          |    13 |     2 ||    15
       Distracted        |       |     1 ||     1
Armor: Robe              |    10 |     1 ||    11
Dodge: Dodged            |    53 |    16 ||    69
